 Dungeon Crawl Stone Soup version 0.22-a0-348-gd16d1391c7 (webtiles) character file.

1831 Laan the Cleaver (level 9, 0/51 HPs)
             Began as a Gargoyle Fighter on Apr 7, 2018.
             Slain by dricus's ghost (3 damage)
             ... on level 6 of the Dungeon.
             The game lasted 00:07:54 (4975 turns).

Laan the Cleaver (Gargoyle Fighter)                 Turns: 4975, Time: 00:07:55

Health: 0/51       AC: 17    Str: 22    XL:     9   Next: 11%
Magic:  9/9        EV:  5    Int: 10    God:
Gold:   277        SH: 11    Dex: 14    Spells: 8/8 levels left

rFire    . . .     SeeInvis +   a - +0 war axe
rCold    . . .     Gourm    +   C - +2 shield
rNeg     + . .     Faith    .   w - +0 chain mail
rPois    ∞         Spirit   .   A - +0 helmet
rElec    +         Reflect  .   (no cloak)
rCorr    .         Harm     .   (no gloves)
MR       .....                  q - +0 pair of boots
Stlth    ..........             F - amulet of the gourmand
HPRegen  0.17/turn              y - ring of see invisible
MPRegen  0.11/turn              c - +5 ring of dexterity

@: no status effects
A: negative energy resistance 1, electricity resistance, unbreathing,
petrification resistance, rot immunity, AC +6
a: no special abilities


You were on level 6 of the Dungeon.
You were not hungry.

You visited 1 branch of the dungeon, and saw 6 of its levels.

You collected 277 gold pieces.

Inventory:

Hand Weapons
 a - a +0 war axe (weapon)
Armour
 q - a +0 pair of boots (worn)
 w - a +0 chain mail (worn)
 A - a +0 helmet (worn)
 C - a +2 shield (worn)
Jewellery
 c - a +5 ring of dexterity (right hand)
 y - a ring of see invisible (left hand)
 F - an amulet of the gourmand (around neck)
Wands
 g - a wand of random effects (84)
 D - a wand of digging (12)
Scrolls
 b - a scroll of random uselessness {unknown}
 e - a scroll of fear {unknown}
 h - 4 scrolls of remove curse
 i - 2 scrolls of enchant weapon {unknown}
 k - a scroll of enchant armour {unknown}
 l - 7 scrolls of identify {unknown}
 o - 4 scrolls of immolation {unknown}
 p - 2 scrolls of teleportation {unknown}
 s - a scroll of blinking {unknown}
 t - 2 scrolls of amnesia {unknown}
 x - a scroll of magic mapping {unknown}
 B - a scroll of noise {unknown}
Potions
 d - a potion of berserk rage {unknown}
 j - a potion of degeneration {unknown}
 m - a potion of magic {unknown}
 n - 2 potions of mutation {unknown}
 r - 3 potions of haste {unknown}
 u - a potion of agility {unknown}
 v - a potion of flight {unknown}
 z - 3 potions of curing {unknown}
Comestibles
 f - 9 rations


   Skills:
 - Level 3.2 Fighting
 + Level 10.6 Axes
 - Level 3.2 Armour
 - Level 3.2 Shields


You had 8 spell levels left.
You didn't know any spells.

Dungeon Overview and Level Annotations

Branches:
Dungeon (6/15)
 Temple: D:4-7

Altars:
Okawaru
Qazlal
Trog
Yredelemnul

Annotations:
D:6 dricus's ghost, novice DsAK


Innate Abilities, Weirdness & Mutations

You are resistant to torment.
Your stone body is resilient. (AC +6)
You are immune to poison.
You resist negative energy. (rN+)
You are resistant to electric shocks. (rElec)
You can survive without breathing.
You are immune to petrification.
You are immune to rotting.


Message History

Dricus's ghost hits you but does no damage.
You closely miss dricus's ghost.
Dricus's ghost is almost destroyed.
Dricus's ghost whispers, "There is no future for you."
Dricus's ghost barely misses you.
You closely miss dricus's ghost.
Dricus's ghost is almost destroyed.
Dricus's ghost hits you.
* * * LOW HITPOINT WARNING * * *
x2 You hit dricus's ghost but do no damage.
Dricus's ghost is almost destroyed.
Dricus's ghost hits you but does no damage.
Your chain mail prevents you from hitting dricus's ghost.
Dricus's ghost is almost destroyed.
Dricus's ghost hits you but does no damage.
You hit dricus's ghost.
Dricus's ghost is almost destroyed.
You block dricus's ghost's attack. Dricus's ghost hits you!
* * * LOW HITPOINT WARNING * * *
You die...

..# . .. ... .## ###..
... ..# .... ... #.#
#..# #.# #.#
.######..## #.# #.#
.......W..# #.# #.#
#@.######.###.#
#......<......####
###..###............
####........##.......##
...
..##.###############.#
#.# #.##.# #.# #.#
#.##.# #########.# #.#
#.##.# #.........# #.#
#.##.# #>#########


You could see dricus's ghost.

Vanquished Creatures
  Pikel (D:4)
  Eustachio (D:5)
  Edmund (D:4)
  Duvessa (D:4)
  A black bear (D:5)
  An orc warrior (D:4)
  A phantom (D:4)
  An ogre (D:4)
  Blork the orc (D:4)
  A gnoll sergeant (D:4)
  Dowan (D:4)
  A wight (D:5)
  A howler monkey (D:5)
  A crimson imp (D:6)
  A hound (D:6)
  An orc priest (D:3)
  2 orc wizards (D:3)
  A centaur skeleton (D:5)
  3 worker ants
  7 adders
  A shadow imp (D:6)
  An ooze (D:1)
  An adder zombie (D:6)
  An adder skeleton (D:4)
  3 worms
  2 dart slugs
  3 leopard geckos
  7 orcs (D:4)
  A ball python (D:3)
  3 giant cockroaches
  9 goblins
  9 hobgoblins
  6 kobolds
  5 bats
  5 frilled lizards
  9 rats
95 creatures vanquished.

Vanquished Creatures (others)
  A slave (D:4)
  A worker ant (D:4)
  4 orcs (D:4)
  A giant cockroach (D:4)
7 creatures vanquished.

Grand Total: 102 creatures vanquished

Notes
Turn   | Place    | Note
-------+----------+-------------------------------------------
     0 | D:1      | Laan the Gargoyle Fighter began the quest for the Orb.
     0 | D:1      | Reached XP level 1. HP: 14/14 MP: 1/1
    10 | D:1      | Reached skill level 2 in Axes
   135 | D:1      | Reached XP level 2. HP: 19/19 MP: 2/2
   402 | D:1      | Reached skill level 3 in Axes
   488 | D:1      | Reached XP level 3. HP: 23/23 MP: 3/3
   953 | D:2      | Reached XP level 4. HP: 26/28 MP: 4/4
  1099 | D:2      | Reached skill level 4 in Axes
  1458 | D:3      | Reached XP level 5. HP: 31/32 MP: 5/5
  1475 | D:3      | Reached skill level 5 in Axes
  1695 | D:3      | Found a basalt altar of Yredelemnul.
  1812 | D:3      | Found a bloodstained altar of Trog.
  2160 | D:3      | Found a stormy altar of Qazlal.
  2193 | D:4      | Noticed a slave
  2193 | D:4      | Noticed a slave
  2193 | D:4      | Noticed a slave
  2198 | D:4      | Noticed Pikel
  2204 | D:4      | Noticed a slave
  2227 | D:4      | Killed Pikel
  2227 | D:4      | Reached skill level 7 in Axes
  2227 | D:4      | Reached XP level 6. HP: 17/37 MP: 6/6
  2227 | D:4      | Reached XP level 7. HP: 19/41 MP: 7/7
  2484 | D:4      | Noticed Edmund
  2515 | D:4      | Killed Edmund
  2515 | D:4      | Reached skill level 8 in Axes
  2543 | D:4      | Noticed Duvessa
  2544 | D:4      | Noticed Dowan
  2550 | D:4      | Killed Dowan
  2550 | D:4      | Reached XP level 8. HP: 37/46 MP: 8/8
  2562 | D:4      | HP: 1/69 [Duvessa/short sword (6)]
  2566 | D:4      | Noticed Blork the orc
  2567 | D:4      | Killed Duvessa
  2576 | D:4      | Killed Blork the orc
  3122 | D:4      | Reached skill level 9 in Axes
  3253 | D:4      | HP: 2/46 [ogre/giant club (12)]
  3554 | D:5      | Entered Level 5 of the Dungeon
  3663 | D:5      | Got a sparkling emerald amulet
  3913 | D:5      | Noticed Eustachio
  4166 | D:4      | Identified the amulet "Custroiwk" {Inacc Int+7} (You found it on level 5 of the Dungeon)
  4390 | D:4      | Reached skill level 10 in Axes
  4468 | D:5      | Killed Eustachio
  4468 | D:5      | Reached XP level 9. HP: 27/51 MP: 9/9
  4875 | D:6      | Found an iron altar of Okawaru.
  4947 | D:6      | Noticed dricus's ghost (novice DsAK)
  4975 | D:6      | Slain by dricus's ghost

Vault maps used:
D:1:      dpeg_arrival_long_road
D:2:      minmay_domino_4
D:3:      overflow_temple_1_default, nicolae_overflow_hidden_temple,
          nicolae_qazlal_eye_of_the_storm
D:4:      first_ration, uniq_edmund, uniq_pikel, uniq_duvessa,
          uniq_blork_the_orc
D:5:      sword_in_stone
D:6:      okawaru_gym_becter

Skill      XL: |  1  2  3  4  5  6  7  8 |
---------------+-------------------------+-----
Axes           | 2 3 4 7 8 10 | 10.6
Fighting       | |  3.2
Armour         | |  3.2
Shields        | |  3.2

Action                   |  1- 3 |  4- 6 |  7- 9 || total
-------------------------+-------+-------+-------++-------
Melee: War axe           |   127 |   152 |   275 ||   554
Evoke: Wand              |       |       |     4 ||     4
  Use: Potion            |       |       |     5 ||     5
       Scroll            |       |       |     1 ||     1
  Eat: Chunk             |       |     5 |     8 ||    13
       Ration            |       |       |     1 ||     1
Armor: Scale mail        |    71 |    49 |       ||   120
       Chain mail        |       |    22 |   242 ||   264
       Skin              |       |       |    10 ||    10
Dodge: Dodged            |    47 |    39 |    76 ||   162
Block: Shield            |    74 |    64 |   179 ||   317

Table legend:
 A = Spawn XP
 B = Non-spawn XP
 C = Spawn XP percentage of total XP
 D = Spawn monster count
 E = Non-spawn monster count
 F = Spawn count percentage of total count
 G = Total turns spent on level
                    A         B        C        D         E        F      G
               +---------+---------+-------+---------+---------+-------+---------
         Total |       0 |    2617 |   0.0 |       0 |      95 |   0.0 |  4975
               +---------+---------+-------+---------+---------+-------+---------
           D:1 |       0 |      42 |   0.0 |       0 |      22 |   0.0 |   722
           D:2 |       0 |      81 |   0.0 |       0 |      22 |   0.0 |   710
           D:3 |       0 |     161 |   0.0 |       0 |      18 |   0.0 |   761
           D:4 |       0 |    1627 |   0.0 |       0 |      20 |   0.0 |  1829
           D:5 |       0 |     563 |   0.0 |       0 |       8 |   0.0 |   724
           D:6 |       0 |     143 |   0.0 |       0 |       5 |   0.0 |   229
               +---------+---------+-------+---------+---------+-------+---------
